 Dungeon Crawl Stone Soup version 0.29-a0-757-g358383bc75 (webtiles) character file.

Game seed: 467876120680713612

97 crusatyr the Cutter (level 4, -1/35 HPs)
             Began as a Demonspawn Monk on July 1, 2022.
             Slain by Ijyb
             ... wielding a +2 dagger of electrocution
              (5 damage)
             ... on level 2 of the Dungeon.
             The game lasted 00:06:26 (2026 turns).

crusatyr the Cutter (Demonspawn Monk)               Turns: 2026, Time: 00:06:27

Health: -1/35      AC:  3    Str: 14    XL:     4   Next: 42%
Magic:  4/4        EV: 12    Int: 11    God:
Gold:   70         SH:  0    Dex: 15    Spells: 1/3 levels left

rFire   . . .      SeeInvis .   f - +0 dagger
rCold   . . .      Faith    .   (no shield)
rNeg    . . .      Spirit   .   b - +0 robe
rPois   .          Reflect  .   k - +0 hat
rElec   .          Harm     .   (no cloak)
rCorr   .          Rampage  .   d - +0 pair of gloves
Will    .....                   (no boots)
Stlth   ++........              (no amulet)
HPRegen 0.11/turn               (no ring)
MPRegen 0.09/turn               (no ring)

@: no status effects
A: hooves 1, horns 1
a: no special abilities


You were on level 2 of the Dungeon.
You visited 1 branch of the dungeon, and saw 3 of its levels.

You collected 70 gold pieces.

Inventory:

Hand Weapons
 a - a +0 short sword
 c - a +0 quarterstaff
 f - a +0 dagger (weapon)
 i - a +0 whip
 l - a +0 great sword
Armour
 b - a +0 robe (worn)
 d - a +0 pair of gloves (worn)
 k - a +0 hat (worn)
Jewellery
 j - an amulet of faith
Wands
 q - a wand of iceblast (10)
Scrolls
 m - 3 scrolls of amnesia {unknown}
 o - a scroll of magic mapping {unknown}
 p - a scroll of teleportation {unknown}
 r - a scroll of fear {unknown}
Potions
 e - a potion of degeneration {unknown}
 g - a potion of brilliance {unknown}
 h - a potion of heal wounds {unknown}
 n - a potion of mutation {unknown}


   Skills:
 - Level 3.0 Fighting
 - Level 4.6 Short Blades
 * Level 0.3 Staves
 - Level 2.6 Dodging
 * Level 1.9 Stealth
 + Level 0.1 Spellcasting
 + Level 0.2 Fire Magic


You had one spell level left.
You knew the following spells:

 Your Spells              Type           Power      Damage    Failure   Level
a - Scorch                Fire           0%         2d5       45%         2

Your spell library contained the following spells:

 Spells                   Type           Power      Damage    Failure   Level
 Ozocubu's Armour         Ice            0%         N/A       71%         3
 Flame Wave               Conj/Fire      0%         2d4       98%         4
 Metabolic Englaciation   Hex/Ice        0%         N/A       100%        5
 Summon Forest            Summ/Tloc      0%         N/A       100%        5
 Eringya's Noxious Bog    Tmut/Pois      0%         N/A       100%        6
 Simulacrum               Ice/Necr       0%         N/A       100%        6
 Summon Cactus Giant      Summ           0%         N/A       100%        6
 Summon Hydra             Summ           0%         N/A       100%        7


Dungeon Overview and Level Annotations

Branches:
Dungeon (3/15)

Altars:
Qazlal

Annotations:
D:2 Ijyb


Innate Abilities, Weirdness & Mutations

You have large cloven feet.
You have a pair of small horns on your head.


Message History

You kill the goblin!
You see here a +0 dagger.
Found a Fen Folio.
Found an escape hatch in the floor.
q - a wand of iceblast (10)
You now have 70 gold pieces (gained 6).
You pick up a book of Winter and begin reading...
You add the spells Ozocubu's Armour, Metabolic Englaciation and Simulacrum to your library.
You pick up a Fen Folio and begin reading...
You add the spells Summon Forest, Eringya's Noxious Bog and Summon Hydra to your library.
You can't go up here!
Okay, then.
r - a scroll labelled ZADAUHYOHOGH
Found a stormy altar of Qazlal.
Really walk into that teleport trap?
You enter a teleport trap!
The teleport trap disappears.
Your surroundings suddenly seem different.
Found an escape hatch in the ceiling.
Ijyb the Twisted Goblin comes into view.
She is wielding a +2 dagger of electrocution and carrying a wand of digging (2).
Ijyb zaps a wand.
Some rock shatters into small pieces.
A giant cockroach comes into view.
Ijyb attacks as you move away! Ijyb barely misses you.
There is an escape hatch in the ceiling here.
You miss Ijyb. You headbutt Ijyb, but do no damage.
Ijyb hits you with a +2 dagger of electrocution.
You are electrocuted!!
Ouch! That really hurt!
You hit Ijyb. You kick Ijyb, but do no damage.
Ijyb is lightly wounded.
Ijyb hits you with a +2 dagger of electrocution.
Ijyb hits you with a +2 dagger of electrocution.
* * * LOW HITPOINT WARNING * * *
A mysterious force pulls you upwards. The hatch slams shut behind you.
Ijyb attacks as you move away! Ijyb closely misses you.
Ijyb screams, "I dance on your bones!"
Ijyb hits you with a +2 dagger of electrocution.
* * * LOW HITPOINT WARNING * * *
Ijyb attacks as you move away!
Ijyb hits you with a +2 dagger of electrocution.
You die...

#.#.......# #.......
#.#.......###.......
#.#.................
#.#.........########
#.#...........<..###
#.#.#.....######...#
#######.#.#.#.### ###..
#...........#.# ##.
#........@###.# #.
#.......g.# #.# #.
#.........# #.# ##
#.........###.# #
#.............#
##########....#
##########
#...........###.........
#...................[..#
#..........###....####..


You could see Ijyb.

Vanquished Creatures
  A gnoll (D:1)
  5 adders
  A worm (D:2)
  A dart slug (D:2)
  An orc (D:2)
  A ball python (D:1)
  4 endoplasms
  2 giant cockroaches (D:1)
  5 goblins
  2 hobgoblins (D:1)
  3 jackals (D:1)
  3 kobolds (D:1)
  2 bats
  2 frilled lizards (D:1)
  4 rats
37 creatures vanquished.

Notes
Turn   | Place    | Note
-------+----------+-------------------------------------------
     0 | D:1      | crusatyr the Demonspawn Monk began the quest for the Orb.
     0 | D:1      | Reached XP level 1. HP: 18/18 MP: 1/1
    32 | D:1      | Reached skill level 3 in Short Blades
   298 | D:1      | Discovered your monstrous ancestry.
   298 | D:1      | Gained mutation: You have large cloven feet. [demonic
                  | ancestry]
   298 | D:1      | Reached XP level 2. HP: 22/24 MP: 2/2
   592 | D:1      | Reached XP level 3. HP: 11/29 MP: 3/3
  1218 | D:2      | Reached skill level 4 in Short Blades
  1457 | D:2      | Gained mutation: You have a pair of small horns on your
                  | head. [demonic ancestry]
  1457 | D:2      | Reached XP level 4. HP: 35/35 MP: 4/4
  1668 | D:2      | Learned a level 2 spell: Scorch
  2006 | D:3      | Found a stormy altar of Qazlal.
  2013 | D:3      | Noticed Ijyb
  2026 | D:2      | Slain by Ijyb

Illustrated notes

Levels and vault maps discovered:
D:1:      lemuel_arrival_cross, layout_rooms
D:2:      layout_rooms, dreamdust_princess_corridor
D:3:      layout_rooms, lemuel_tele_altar, gammafunk_temple_overflow_forgotten,
          uniq_ijyb

Skill      XL: |  1  2  3 |
---------------+----------+-----
Short Blades   | 3 4 |  4.6
Fighting       | |  3.0
Staves         | |  0.3
Dodging        | |  2.6
Stealth        | |  1.9
Spellcasting   | |  0.1
Fire Magic     | |  0.2

Action                   |  1- 3 |  4- 6 || total
-------------------------+-------+-------++-------
Melee: Short sword       |   111 |     6 ||   117
       Kick              |    19 |    11 ||    30
       Punch             |     2 |       ||     2
       Dagger            |       |    25 ||    25
       Headbutt          |       |     6 ||     6
  Use: Potion            |     1 |       ||     1
 Stab: Sleeping          |     1 |       ||     1
Armor: Robe              |     7 |     7 ||    14
       Leather armour    |    13 |     1 ||    14
Dodge: Dodged            |    62 |    14 ||    76

Table legend: (Time is in decaauts)
 A = Elapsed time spent in this place.
 B = Non-inter-level travel time spent in this place.
 C = Inter-level travel time spent in this place.
 D = Time resting spent in this place.
 E = Time spent auto-exploring this place.
 F = Levels seen in this place.
 G = Mean time per level.
                   A        B        C        D        E       F      G
               +--------+--------+--------+--------+--------+-----+--------+
         Total |   2009 |   1961 |     48 |    294 |   1127 |   3 |  669.7 |
       Dungeon |   2009 |   1961 |     48 |    294 |   1127 |   3 |  669.7 |
               +--------+--------+--------+--------+--------+-----+--------+

Top non-repeatable levels by time:
     D:1: 1187 daAuts
     D:2: 718 daAuts
     D:3: 103 daAuts
